 Dungeon Crawl Stone Soup version 0.29-a0-266-gf56f883ddd (webtiles) character file.

Game seed: 7654591760863290983

12 Inarius the Skirmisher (level 2, -2/24 HPs)
             Began as a Demonspawn Fighter on Mar 6, 2022.
             Succumbed to a goblin's poison
             ... on level 1 of the Dungeon.
             The game lasted 00:00:49 (399 turns).

Inarius the Skirmisher (Demonspawn Fighter)          Turns: 399, Time: 00:00:49

Health: -2/24      AC:  6    Str: 16      XL:     2   Next: 20%
Magic:  2/2        EV:  8    Int:  9      God:
Gold:   0          SH:  4    Dex: 11 (12) Spells: 1/1 levels left

rFire   . . .      SeeInvis .   a - +0 war axe
rCold   . . .      Faith    .   c - +0 buckler
rNeg    . . .      Spirit   .   b - +0 scale mail
rPois   .          Reflect  .   (no helmet)
rElec   .          Harm     .   (no cloak)
rCorr   .          Rampage  .   (no gloves)
Will    .....                   (no boots)
Stlth   ..........              (no amulet)
HPRegen 0.08/turn               (no ring)
MPRegen 0.08/turn               (no ring)

@: lethally poisoned (-2 -> -12)
A: claws 1, deterioration 1, mutation resistance 1, wild magic 1
a: no special abilities


You were on level 1 of the Dungeon.
You visited 1 branch of the dungeon, and saw 1 of its levels.

Inventory:

Hand Weapons
 a - a +0 war axe (weapon)
Armour
 b - a +0 scale mail (worn)
 c - a +0 buckler (worn)
Potions
 d - a potion of might


   Skills:
 + Level 3.1 Fighting
 - Level 2.0 Axes
 + Level 2.9 Armour
 + Level 2.8 Shields


You had one spell level left.
You didn't know any spells.
Your spell library was empty.

Dungeon Overview and Level Annotations

Branches:
Dungeon (1/15)

Altars:

Shops:
D:1 ?


Innate Abilities, Weirdness & Mutations

You have sharp fingernails.
Your body sometimes deteriorates upon taking damage.
You are somewhat resistant to further mutation.
Your spells are a little harder to cast, but a little more powerful.


Message History

You are too injured to fight recklessly!
You are too injured to fight recklessly!
You are too injured to fight recklessly!
You are too injured to fight recklessly!
You are too injured to fight recklessly!
You are too injured to fight recklessly!
You are too injured to fight recklessly!
You are too injured to fight recklessly!
You are too injured to fight recklessly!
You are too injured to fight recklessly!
You are too injured to fight recklessly!
You are too injured to fight recklessly!
You are too injured to fight recklessly!
You are too injured to fight recklessly!
The goblin attacks as you move away! The goblin barely misses you.
* * * LOW HITPOINT WARNING * * *
You feel very sick.
It was a potion of curing.
You feel better. You block the goblin's attack.
Found an escape hatch in the floor.
The goblin attacks as you move away! The goblin hits you but does no damage.
You are lethally poisoned!
You feel very sick.
There is a fountain of clear blue water here.
You feel sick.
* * * LOW HITPOINT WARNING * * *
You feel sick.
It was a potion of mutation.
You feel extremely strange.
You feel genetically stable.
You feel yourself wasting away.
You feel less in control of your magic.
* * * LOW HITPOINT WARNING * * *
You feel sick. The goblin hits you but does no damage.
You are more poisoned.
You barely miss the goblin.
* * * LOW HITPOINT WARNING * * *
Your body deteriorates!
You feel clumsy.
You feel very sick.
You slash the hobgoblin!
You kill the hobgoblin!
You hit the goblin.
You kill the goblin!
You die...

............# #.#..## K
#l.........########### #......
..#....................# #......
.........†...#.........# ##...8.
.......................# #.....
#.!..##r#....#.........##########
+.... #K#...............†..#
##$K. #)###.#...........##.# #...
#g# #.#..)@........#.# ### #...
#.# #.#..†####.#.#.#.# #.( #.##
#.###.###⌠.⌠##.#...#.# #.. #g
#.r.K.g.K.∩....#.#.#.# #..
#####.###⌠.⌠.......#.# ##..
#.#............#.# #...
#.#.##.#######.#.###... #.#. #..
#....^.. #># #### #####...


You could see a kobold.

Vanquished Creatures
  A goblin (D:1)
  2 hobgoblins (D:1)
  2 quokkas (D:1)
  A ball python (D:1)
  5 bats (D:1)
  2 frilled lizards (D:1)
  2 kobolds (D:1)
15 creatures vanquished.

Notes
Turn   | Place    | Note
-------+----------+-------------------------------------------
     0 | D:1      | Inarius the Demonspawn Fighter began the quest for the Orb.
     0 | D:1      | Reached XP level 1. HP: 18/18 MP: 1/1
     6 | D:1      | Noticed a black mamba
     6 | D:1      | Noticed a polar bear
     7 | D:1      | Noticed a redback
     7 | D:1      | Noticed an iguana
   281 | D:1      | Found Feeril's Magic Scroll Shoppe.
   309 | D:1      | Discovered your monstrous ancestry.
   309 | D:1      | Gained mutation: You have sharp fingernails. [demonic
                  | ancestry]
   309 | D:1      | Reached XP level 2. HP: 21/24 MP: 2/2
   397 | D:1      | Gained mutation: You are somewhat resistant to further
                  | mutation. [potion of mutation]
   397 | D:1      | Gained mutation: Your body sometimes deteriorates upon
                  | taking damage. [potion of mutation]
   397 | D:1      | Gained mutation: Your spells are a little harder to cast,
                  | but a little more powerful. [potion of mutation]
   398 | D:1      | HP: 1/24 [poisoned by a goblin]
   399 | D:1      | Succumbed to a goblin's poison

Illustrated notes

Levels and vault maps discovered:
D:1:      onia_arrival_zoo_common, layout_basic, serial_shops, shop_fountains

Skill      XL: |  1 |
---------------+----+-----
Axes           | 2 |  2.0
Fighting       | |  3.1
Armour         | |  2.9
Shields        | |  2.8

Action                   || total
-------------------------++-------
Melee: War axe           ||    49
  Use: Potion            ||     2
Armor: Scale mail        ||    38
Dodge: Dodged            ||    23
Block: Buckler           ||    16

Table legend: (Time is in decaauts)
 A = Elapsed time spent in this place.
 B = Non-inter-level travel time spent in this place.
 C = Inter-level travel time spent in this place.
 D = Time resting spent in this place.
 E = Time spent auto-exploring this place.
 F = Levels seen in this place.
 G = Mean time per level.
                   A        B        C        D        E       F      G
               +--------+--------+--------+--------+--------+-----+--------+
         Total |    420 |    420 |      0 |      7 |    296 |   1 |  420.0 |
       Dungeon |    420 |    420 |      0 |      7 |    296 |   1 |  420.0 |
               +--------+--------+--------+--------+--------+-----+--------+

Top non-repeatable levels by time:
     D:1: 420 daAuts
